 Dungeon Crawl Stone Soup version 0.29-a0-819-g94b489e0ae (webtiles) character file.

Game seed: 1065447165339993647

25 Ayihk420 the Shooter (level 2, 0/24 HPs)
             Began as a Palentonga Hunter on July 7, 2022.
             Was an Initiate of Okawaru.
             Slain by an adder (3 damage)
             ... on level 2 of the Dungeon.
             The game lasted 00:02:31 (1403 turns).

Ayihk420 the Shooter (Palentonga Hunter)            Turns: 1403, Time: 00:02:31

Health: 0/24       AC:  4    Str: 14    XL:     2   Next: 82%
Magic:  2/2        EV:  9    Int:  9    God:    Okawaru [......]
Gold:   35         SH:  0    Dex: 13    Spells: 1/1 levels left

rFire   . . .      SeeInvis +   a - +0 shortbow
rCold   . . .      Faith    .   (shield currently unavailable)
rNeg    . . .      Spirit   .   c - +0 leather armour
rPois   .          Reflect  .   (no helmet)
rElec   .          Harm     .   (no cloak)
rCorr   .          Rampage  .   (no gloves)
Will    .....                   (no barding)
Stlth   +.........              (no amulet)
HPRegen 0.08/turn               (no ring)
MPRegen 0.08/turn               (no ring)

@: no status effects
A: large, rugged brown scales 3, see invisible, deformed body, roll 1, armoured
tail
a: Rolling Charge, Renounce Religion


You were on level 2 of the Dungeon.
You worshipped Okawaru.
Okawaru was noncommittal.
You visited 1 branch of the dungeon, and saw 2 of its levels.

You collected 35 gold pieces.

Inventory:

Hand Weapons
 a - a +0 shortbow (weapon)
Missiles
 h - 8 boomerangs
Armour
 c - a +0 leather armour (worn)
Jewellery
 e - a ring of positive energy
Scrolls
 b - a scroll of immolation
 d - 3 scrolls of identify {unknown}
 f - a scroll of summoning {unknown}
Potions
 g - a potion of degeneration {unknown}


   Skills:
 + Level 2.4 Fighting
 + Level 3.4 Ranged Weapons
 + Level 2.0 Dodging
 + Level 1.1 Stealth


You had one spell level left.
You didn't know any spells.
Your spell library was empty.

Dungeon Overview and Level Annotations

Branches:
Dungeon (2/15)

Altars:
Okawaru


Innate Abilities, Weirdness & Mutations

You are completely covered in rugged brown scales. (AC +3, +7% HP)
You have supernaturally acute eyesight. (SInv)
Armour fits poorly on your strangely shaped body.
You can roll at nearby foes to attack.
You have a long armoured tail.


Message History

A hobgoblin comes into view.
The hobgoblin shouts!
The hobgoblin closely misses you.
You closely miss the hobgoblin.
The hobgoblin hits you but does no damage.
You completely miss the hobgoblin.
The hobgoblin hits you but does no damage.
The hobgoblin closely misses you.
You barely miss the hobgoblin.
The hobgoblin hits you but does no damage.
You barely miss the hobgoblin. The hobgoblin hits you.
The hobgoblin closely misses you.
You clumsily bash the hobgoblin but do no damage.
You tail-slap the hobgoblin.
You kill the hobgoblin!
Okawaru accepts your kill.
Your Dodging skill increases to level 2!
You see here a hobgoblin corpse.
You open the door.
Found a dagger and 10 gold pieces.
Found 9 gold pieces.
There is an open door here.
You open the door.
An adder comes into view.
There is an open door here.
The adder hisses angrily.
The adder bites you.
You are poisoned.
The adder poisons you!
You feel sick. The adder closely misses you.
The adder bites you but does no damage.
You feel sick. The adder barely misses you.
You feel sick. The adder bites you but does no damage.
You feel sick. The adder bites you.
* * * LOW HITPOINT WARNING * * *
The adder bites you but does no damage.
You feel sick.
You are no longer poisoned.
The adder bites you.
You die...

##########
.......@.#
##.##.#S.#
#....######
#..........
##...#####.
##..#
##.####..#
..S......#
###.###'##


You could see an adder.

Vanquished Creatures
  3 ball pythons
  4 bats (D:1)
  An endoplasm (D:1)
  A giant cockroach (D:1)
  3 hobgoblins
  2 quokkas (D:1)
  A goblin (D:2)
  6 kobolds (D:1)
  2 rats
23 creatures vanquished.

Notes
Turn   | Place    | Note
-------+----------+-------------------------------------------
     0 | D:1      | Ayihk420 the Palentonga Hunter began the quest for the Orb.
     0 | D:1      | Reached XP level 1. HP: 17/17 MP: 1/1
   104 | D:1      | Reached XP level 2. HP: 15/23 MP: 2/2
   311 | D:1      | Reached skill level 1 in Stealth
  1033 | D:1      | Found a faded altar of an unknown god.
  1064 | D:1      | Prayed at the altar of an unknown god.
  1064 | D:1      | Became a worshipper of Warmaster Okawaru
  1064 | D:1      | Reached * piety under Okawaru
  1403 | D:2      | Slain by an adder

Illustrated notes

Levels and vault maps discovered:
D:1:      psy_arrival_basics, layout_basic, dilly_ecumenical_altar_fadedgnrine
D:2:      layout_loops_corners, serial_shops, shop

Skill      XL: |  1  2 |
---------------+-------+-----
Stealth        | 1 |  1.1
Dodging        | 2 |  2.0
Fighting       | |  2.4
Ranged Weapons | |  3.4

Action                   || total
-------------------------++-------
Melee: Shortbow          ||    37
       Tailslap          ||     6
 Fire: Shortbow          ||    58
Invok: Heroism           ||     4
 Abil: Rolling Charge    ||     2
Armor: Leather armour    ||    33
Dodge: Dodged            ||    45

Table legend: (Time is in decaauts)
 A = Elapsed time spent in this place.
 B = Non-inter-level travel time spent in this place.
 C = Inter-level travel time spent in this place.
 D = Time resting spent in this place.
 E = Time spent auto-exploring this place.
 F = Levels seen in this place.
 G = Mean time per level.
                   A        B        C        D        E       F      G
               +--------+--------+--------+--------+--------+-----+--------+
         Total |   1443 |   1443 |      0 |     24 |    914 |   2 |  721.5 |
       Dungeon |   1443 |   1443 |      0 |     24 |    914 |   2 |  721.5 |
               +--------+--------+--------+--------+--------+-----+--------+

Top non-repeatable levels by time:
     D:1: 1157 daAuts
     D:2: 286 daAuts
